 Dungeon Crawl Stone Soup version 0.31.0-32-g396128a36d (webtiles) character file.

Game seed: 10123935800247279721

749 hawla the Slasher (level 7, -4/85 HPs)
             Began as a Minotaur Gladiator on Apr 12, 2024.
             Slain by an iguana (7 damage)
             ... on level 5 of the Dungeon.
             The game lasted 00:07:49 (3833 turns).

hawla the Slasher (Minotaur Gladiator)              Turns: 3833, Time: 00:07:49

Health: -4/85      AC:  8    Str: 18    XL:     7   Next: 48%
Magic:  0/6        EV: 12    Int:  5    God:
Gold:   209        SH:  0    Dex: 14    Spells: 6/6 levels left

rFire   . . .        a - +0 long sword
rCold   . . .        (no shield)
rNeg    . . .        p - +2 ring mail {rPois}
rPois   +            c - +0 hat
rElec   .            (no cloak)
rCorr   .            (no gloves)
SInv    .            (no boots)
Will    .....        n - amulet of guardian spirit Stlth
                     (no ring)
HPRegen 0.34/turn    (no ring)
MPRegen 0.10/turn

%: guardian spirit
@: berserking, very quick
A: horns 2, retaliatory headbutt
a: no special abilities


You were on level 5 of the Dungeon.
You visited 1 branch of the dungeon, and saw 5 of its levels.

You collected 313 gold pieces.
You spent 104 gold pieces at shops.

Inventory:

Hand Weapons
 a - a +0 long sword (weapon)
Missiles
 d - 3 throwing nets (quivered)
 e - a javelin
 f - 3 atropa-tipped darts
 q - 4 boomerangs
Armour
 c - a +0 hat (worn)
 p - a +2 ring mail of poison resistance (worn)
Jewellery
 n - an amulet of guardian spirit (around neck)
Scrolls
 h - 3 scrolls of teleportation
 r - a scroll of identify
 t - a scroll of enchant weapon {unknown}
Potions
 g - 2 potions of enlightenment
 i - 2 potions of degeneration {unknown}
 j - 2 potions of curing {unknown}
 k - a potion of brilliance {unknown}
 l - a potion of cancellation
 m - 2 potions of attraction {unknown}
 o - 3 potions of haste {unknown}
 s - a potion of magic {unknown}


   Skills:
 - Level 3.0 Fighting
 - Level 3.9(5.4) Short Blades
 - Level 6.3(7.0) Long Blades
 - Level 3.0 Throwing
 + Level 5.4 Armour
 - Level 4.0 Dodging
 - Level 1.0 Stealth


You had 6 spell levels left.
You didn't know any spells.
Your spell library was empty.

Dungeon Overview and Level Annotations

Branches:
Dungeon (5/15)
 Temple: D:4-7

Altars:
Dithmenos
Fedhas
Gozag

Shops:
D:1 ([!?   D:2 ?


Innate Abilities, Weirdness & Mutations

You have a pair of horns on your head.
You reflexively headbutt those who attack you in melee.


Message History

The jelly closely misses you. The iguana closely misses you.
You slash the jelly!
You kill the jelly!
The iguana barely misses you.
You barely miss the scorpion. The scorpion stings you. The iguana bites you!
You closely miss the scorpion. The scorpion stings you. The iguana bites you!
You closely miss the scorpion. The scorpion closely misses you.
The iguana bites you! The scorpion stings you.
* * * LOW HITPOINT WARNING * * *
You are too injured to fight recklessly!
You hit the scorpion but do no damage. You headbutt the scorpion.
The scorpion is moderately wounded.
The iguana bites you.
* * * LOW HITPOINT WARNING * * *
The scorpion misses you. You furiously retaliate!
You headbutt the scorpion!
Unknown command.
A red film seems to cover your vision as you go berserk!
You feel yourself moving faster!
You feel mighty! The scorpion stings you.
* * * LOW HITPOINT WARNING * * *
The iguana misses you.
You hit the scorpion but do no damage.
The scorpion is severely wounded.
The scorpion stings you but does no damage.
The iguana bites you.
* * * LOW HITPOINT WARNING * * *
You hit the scorpion.
The scorpion is severely wounded.
The scorpion closely misses you. The iguana bites you!
* * * LOW HITPOINT WARNING * * *
You hit the scorpion. Your headbutt misses the scorpion.
The scorpion is almost dead.
The scorpion closely misses you.
You barely miss the scorpion.
The scorpion is almost dead.
The iguana barely misses you.
You slash the scorpion!
You kill the scorpion!
You are no longer corroded.
The iguana bites you!
You die...

#.##.#........................
..................##.#§# .#
.#####.#<.........##.#)##.###.
###........#.##...s......
###.#.##÷#.##.#.#.##.##
.....##.#....#........
#####..#...##.#.#.#.##.#
#########..#l..##.††#.......
............@..##.#.)O.).#.
##..............#.#.!.)..#
#..##..#.#.#.##........#.. #.
#.#...##.#.#.##.#.##.#.# #.
#...####...#....... .. .. #.
#..## ###.#.##.### ##. .#
#.#####.## ... .. .. .
....#...# .... #. ....#...#
..#


You could see an iguana.

Vanquished Creatures
  A black bear (D:5)
  2 ogres
  5 scorpions
  A jelly (D:5)
  A hound (D:5)
  A bombardier beetle (D:4)
  An iguana (D:5)
  A gnoll (D:1)
  5 adders
  4 dart slugs
  A ribbon worm (D:2)
  9 ball pythons
  9 endoplasms
  6 giant cockroaches
  6 goblins
  6 hobgoblins
  7 kobolds
  A quokka (D:5)
  10 bats
  8 frilled lizards
  6 rats
91 creatures vanquished.

Notes
Turn   | Place    | Note
-------+----------+-------------------------------------------
     0 | D:1      | hawla the Minotaur Gladiator began the quest for the Orb.
     0 | D:1      | Reached XP level 1. HP: 18/18 MP: 0/0
    15 | D:1      | Reached skill level 1 in Stealth
    15 | D:1      | Reached skill level 1 in Armour
    15 | D:1      | Reached XP level 2. HP: 10/25 MP: 1/1
   155 | D:1      | Found Plog's Weapon Emporium.
   207 | D:1      | Found Kuxohax's Armour Emporium.
   318 | D:1      | Reached XP level 3. HP: 30/30 MP: 2/2
   499 | D:1      | Found Duutseen's Distillery.
   507 | D:1      | Bought a potion of cancellation for 104 gold pieces
   540 | D:1      | Found Rudac's Magic Scroll Shoppe.
  1077 | D:2      | Found Tezewk's Magic Scroll Shoppe.
  1083 | D:2      | Reached XP level 4. HP: 16/38 MP: 3/3
  1363 | D:2      | You fall into a shaft and drop 2 floors!
  1438 | D:4      | Reached skill level 4 in Long Blades
  1493 | D:3      | Found a shadowy altar of Dithmenos.
  1503 | D:3      | Found an opulent altar of Gozag.
  1667 | D:3      | Found a blossoming altar of Fedhas.
  1676 | D:2      | Found a shadowy altar of Dithmenos.
  2487 | D:4      | Noticed an ogre
  2495 | D:4      | Killed an ogre
  2496 | D:4      | Reached skill level 5 in Long Blades
  2496 | D:4      | Reached XP level 5. HP: 45/45 MP: 4/4
  2698 | D:4      | Reached XP level 6. HP: 44/51 MP: 5/5
  3440 | D:5      | Entered Level 5 of the Dungeon
  3538 | D:5      | Reached skill level 6 in Long Blades
  3538 | D:5      | Reached XP level 7. HP: 49/57 MP: 6/6
  3797 | D:5      | Reached skill level 5 in Armour
  3830 | D:5      | HP: 2/85 [iguana (10)]
  3833 | D:5      | Slain by an iguana

Illustrated notes

Levels and vault maps discovered:
D:1:      lightli_arrival_statue_moat, layout_loops_ring, serial_shops, shop,
          nicolae_shop_trees, shop_coins, shop, minmay_pentomino_w2
D:2:      layout_basic, basic_altar, serial_shops, nicolae_diamond_shop
D:3:      minmay_spotlight, layout_basic, nicolae_overflow_crystal_walls,
          mainiacjoe_overflow_big_doors
D:4:      layout_basic, minivault_24
D:5:      layout_rooms, temple_doors_e, minmay_diced_spiral

Skill      XL: |  1  2  3  4  5  6  7 |
---------------+----------------------+-----
Stealth        | 1 |  1.0
Armour         | 1 2 3 5 |  5.4
Fighting       | 3 |  3.0
Throwing       | 3 |  3.0
Dodging        | 4 |  4.0
Long Blades    | 5 6 |  6.3
Short Blades   | 2 3 |  3.9

Action                     |  1- 3 |  4- 6 |  7- 9 || total
---------------------------+-------+-------+-------++-------
  Melee: Long sword        |    64 |   111 |    44 ||   219
         Headbutt          |     9 |    24 |     7 ||    40
         Punch             |       |     4 |     1 ||     5
    Use: Scroll            |     1 |     3 |     1 ||     5
         Potion            |       |     1 |     1 ||     2
   Stab: Sleeping          |     5 |     5 |       ||    10
 Armour: Leather armour    |    27 |    29 |       ||    56
         Ring mail         |       |    35 |    35 ||    70
  Dodge: Dodged            |    38 |    72 |    36 ||   146
